 Dungeon Crawl Stone Soup version 0.31.0-1-g2c135a008e (webtiles) character file.

Game seed: 12452329628509979452

80 qw the Shooter (level 4, -2/35 HPs)
             Began as a Djinni Hunter on Jan 24, 2024.
             Killed by divine providence
             ... invoked by an orc priest
              (16 damage)
             ... on level 3 of the Dungeon.
             The game lasted 00:00:05 (1360 turns).

qw the Shooter (Djinni Hunter)                      Turns: 1360, Time: 00:00:06

Health: -2/35      AC:  6    Str: 10    XL:     4   Next: 65%
Gold:   82         EV: 11    Int: 11    God:
                   SH:  0    Dex: 18

rFire   + . .        a - +0 shortbow (chaos)
rCold   . . .        (shield currently unavailable)
rNeg    . . .        e - +0 ring mail
rPois   inf          (no helmet)
rElec   .            (no cloak)
rCorr   .            f - +0 pair of gloves
SInv    .            (boots unavailable)
Will    .....        (no amulet)
Stlth   +            h - ring of ice
HPRegen 0.25/turn    (no ring)
MPRegen 0.00/turn

%: infuse magic (-3 HP)
@: flying
A: sickness immunity, fire resistance 2, cold vulnerability 1, float, innate
caster, HP casting, extra vitality 1
a: no special abilities


You were on level 3 of the Dungeon.
You visited 1 branch of the dungeon, and saw 3 of its levels.

You collected 82 gold pieces.


Innate Abilities, Weirdness & Mutations

You are immune to sickness and miasma.
You are immune to poison.
Your flesh is very heat resistant. (rF++)
You are vulnerable to cold. (rC-)
You float through the air rather than walking.
You learn spells naturally, not from books.
Your magical power is your life essence.
You have superior vitality. (+4 MHP)


   Skills:
 - Level 3.0 Fighting
 + Level 4.1 Ranged Weapons
 - Level 1.0 Armour
 - Level 2.1 Dodging
 - Level 0.7 Stealth


You knew the following spells:

 Your Spells              Type           Power      Damage    Failure   Level
a - Sandblast             Erth           0%         2d4       65%         1
Your spell library was empty.

Inventory:

Hand Weapons
 a - a +0 shortbow of chaos (weapon)
Armour
 e - a +0 ring mail (worn)
 f - a +0 pair of gloves (worn)
Jewellery
 h - a ring of ice (left hand)
Potions
 d - a potion of haste
 g - a potion of enlightenment
 j - 2 potions of heal wounds {unknown}

Dungeon Overview and Level Annotations

Branches:
Dungeon (3/15)

Altars:
Yredelemnul


Message History

The adder bites you but does no damage.
You shoot an arrow. The arrow misses the adder.
The arrow closely misses the ball python.
The bat misses you. The bat hits you but does no damage.
The adder bites you but does no damage. The bat misses you.
The adder barely misses you. The bat hits you but does no damage.
You shoot an arrow.
The arrow hits the adder but does no damage.
Lightning courses through the adder!
You kill the adder!
The bat barely misses you.
A giant cockroach comes into view.
The ball python bites you. The ball python barely misses you.
You shoot an arrow. The arrow hits the bat.
You kill the bat!
The ball python misses you. The ball python barely misses you.
You shoot an arrow. The arrow hits the ball python!
The arrow burns the ball python.
You kill the ball python!
The orc priest invokes the aid of Beogh against you.
Beogh smites you!
You shoot an arrow.
The arrow hits the orc but does no damage.
The orc hits you but does no damage. x2
You shoot an arrow.
The arrow hits the orc but does no damage.
The orc seems to grow stronger.
The orc hits you but does no damage.
You shoot an arrow. The arrow hits the orc.
The orc is almost dead.
The orc hits you with a +0 dagger.
You shoot an arrow. The arrow hits the orc.
You kill the orc!
The orc priest hits you with a +0 mace.
You shoot an arrow. The arrow barely misses the orc priest.
The arrow closely misses the orc priest.
The orc priest hits you with a +0 mace.
The orc priest calls down the wrath of Beogh upon you.
Beogh smites you!
You die...

#.......###..[...##
....%.....'......+
#
#.#####.###......#
+. ...#.###......#
.. #.##.......####
#. #.##.......# ..
#.##.......#
#.#.##.......#
#..oo@%......#
###o##.......#
....#.##+####
.....##..
#.....+....
#....o######
###..o. #..o.


You could see 2 orc priests and an orc (resistant).

Vanquished Creatures
  3 adders
  A ribbon worm (D:2)
  2 orcs (D:3)
  3 bats
  5 endoplasms
  5 giant cockroaches
  3 goblins
  3 hobgoblins
  2 quokkas
  6 ball pythons
  4 frilled lizards
  8 kobolds
  4 rats
49 creatures vanquished.

Notes
Turn   | Place    | Note
-------+----------+-------------------------------------------
     0 | D:1      | qw the Djinni Hunter began the quest for the Orb.
     0 | D:1      | Reached XP level 1. HP: 18/18 MP: 0/0
     0 | D:1      | 0 ||| qw: Version: 0.3-a-136-gdd3b4e8
     0 | D:1      | 0 ||| qw: Game counter: 1258
     0 | D:1      | 0 ||| qw: Melee chars always use a shield: true
     0 | D:1      | 0 ||| qw: God list: Okawaru
     0 | D:1      | 0 ||| qw: Allow faded altars: false
     0 | D:1      | 0 ||| qw: Do Orc after clearing Dungeon:15 true
     0 | D:1      | 0 ||| qw: Do second Lair branch before Depths: true
     0 | D:1      | 0 ||| qw: Lair rune preference: random
     0 | D:1      | 0 ||| qw: Goals: Normal
     0 | D:1      | 0 ||| PLANNING D:1-11
    78 | D:1      | Reached XP level 2. HP: 23/23 MP: 0/0
   505 | D:1      | 505 ||| UPGRADING to +0 ring mail.
   515 | D:1      | 515 ||| DROPPING +0 leather armour.
   516 | D:1      | 516 ||| UPGRADING to +0 pair of gloves.
   521 | D:1      | 521 ||| READING scroll labelled DITSAF CIMOLO.
   622 | D:1      | 622 ||| READING scroll labelled HEWNUY JOFEHOF.
   623 | D:1      | 623 ||| DROPPING scroll of butterflies.
   638 | D:2      | Reached XP level 3. HP: 28/28 MP: 0/0
   638 | D:2      | Learned a level 1 spell: Sandblast
   746 | D:2      | Reached skill level 1 in Armour
   762 | D:2      | Reached skill level 4 in Ranged Weapons
   934 | D:2      | Reached XP level 4. HP: 33/34 MP: 0/0
   997 | D:2      | Found a basalt altar of Yredelemnul.
  1190 | D:2      | 1190 ||| UPGRADING to ring of ice.
  1191 | D:2      | 1191 ||| DROPPING +6 ring of intelligence.
  1192 | D:2      | 1192 ||| READING scroll labelled FIXZUU SOEGHIA.
  1196 | D:2      | 1196 ||| READING scroll labelled VECWEB NUHI.
  1196 | D:2      | 1196 ||| BRANDING +0 shortbow.
  1197 | D:2      | 1197 ||| READING 2 scrolls labelled ELYLEI KOETH.
  1298 | D:2      | 1298 ||| READING 2 scrolls labelled LUPHEL TESEORU.
  1298 | D:2      | 1298 ||| IDENTIFYING murky silvery potion
  1299 | D:2      | 1299 ||| READING scroll of identify.
  1299 | D:2      | 1299 ||| IDENTIFYING silvery potion
  1300 | D:2      | 1300 ||| DROPPING scroll of vulnerability.
  1317 | D:3      | Reached skill level 3 in Fighting
  1348 | D:3      | 1348 ||| RETREEEEATING.
  1349 | D:3      | 1349 ||| RETREEEEATING.
  1360 | D:3      | Killed from afar by an orc priest

Levels and vault maps discovered:
D:1:      lemuel_arrival_behind_the_door_small, layout_basic
D:2:      layout_basic, basic_altar, dreamdust_mushroom_princess
D:3:      layout_basic, nrook_campfire

Skill      XL: |  1  2  3  4 |
---------------+-------------+-----
Armour         | 1 |  1.0
Ranged Weapons | 4 |  4.1
Fighting       | 3 |  3.0
Dodging        | |  2.1
Stealth        | |  0.7

Action                     |  1- 3 |  4- 6 || total
---------------------------+-------+-------++-------
   Fire: Shortbow          |   110 |    38 ||   148
    Use: Scroll            |     2 |     5 ||     7
 Armour: Leather armour    |     5 |       ||     5
         Ring mail         |    26 |    17 ||    43
  Dodge: Dodged            |    41 |    11 ||    52

Table legend:
 A = Non-vault XP
 B = Vault XP
 C = Vault XP percentage of total XP
 D = Non-vault monster count
 E = Vault monster count
 F = Vault count percentage of total count
                 A         B        C        D         E       F
            +---------+---------+-------+---------+---------+-------
      Total |     115 |       0 |   0.0 |      49 |       0 |   0.0
            +---------+---------+-------+---------+---------+-------
        D:1 |      28 |       0 |   0.0 |      18 |       0 |   0.0
        D:2 |      47 |       0 |   0.0 |      22 |       0 |   0.0
        D:3 |      40 |       0 |   0.0 |       9 |       0 |   0.0
            +---------+---------+-------+---------+---------+-------
